 Dungeon Crawl Stone Soup version 0.22-a0-293-gc9362ec (webtiles) character file.

1638320 erloom the Conqueror (level 27, 184/249 HPs)
             Began as a Merfolk Skald on Mar 22, 2018.
             Was the Champion of Okawaru.
             Escaped with the Orb
             ... and 3 runes on Mar 24, 2018!
             The game lasted 06:09:07 (82769 turns).

erloom the Conqueror (Merfolk Skald)               Turns: 82769, Time: 06:09:08

Health: 184/249    AC: 20    Str: 20    XL:     27
Magic:  44/44      EV: 38    Int: 12    God:    Okawaru [******]
Gold:   3339       SH: 27    Dex: 35    Spells: 33/61 levels left

rFire    + + +     SeeInvis +   s - +5 trishula (holy)
rCold    + + +     Gourm    .   Z - +0 large shield of Autotheism {Str+4 Dex+3 Slay+2}
rNeg     + . .     Faith    .   F - +5 ring mail of Watchfulness {MR++ rCorr Str+3}
rPois    +         Spirit   .   r - +0 hat of the Echidna {rN+ Dex+4}
rElec    +         Reflect  +   p - +2 cloak {MR+}
rCorr    +         Harm     .   Y - +0 pair of gloves of Defence {rElec Str+3}
MR       ++++.     Clarity  +   j - +0 pair of boots "Pidwenog" {+Fly rPois Dex+4 Stlth+}
Stlth    ++........             v - amulet "Ocatur" {Reflect Fragile Str+4 Slay+5 SH+3}
HPRegen  0.51/turn              l - ring "Loakol" {rF+++ rC+++ MR- AC+3 Str-4}
MPRegen  0.29/turn              h - ring of see invisible

@: no status effects
A: change form in water, swift swim, stealthy swim, blurry vision 1, clarity,
deformed body, deterioration 1, dopey 1, screaming 1, weak 1, MP-powered wands
0: Orb of Zot
}: 3/15 runes: barnacled, silver, gossamer
a: Heroism, Finesse, Renounce Religion, Evoke Flight


You escaped.
You worshipped Okawaru.
Okawaru was exalted by your worship.
You were not hungry.

You visited 9 branches of the dungeon, and saw 49 of its levels.
You also visited: Trove, Ice Cave and Wizlab.

You collected 6492 gold pieces.
You spent 3153 gold pieces at shops.

Inventory:

Hand Weapons
 s - a +5 trishula of holy wrath (weapon)
 x - a +7 demon trident of electrocution
 D - the +4 demon trident of Day {flame, MR++}
   (Okawaru gifted it to you on level 4 of the Vaults)

   It has been specially enchanted to burn those struck by it, causing extra
   injury to most foes and up to half again as much damage against particularly
   susceptible opponents.
   It affects your resistance to hostile enchantments.
Missiles
 w - 1820 bolts
 U - 25 javelins of penetration (quivered)
Armour
 c - the +2 ratskin cloak {+Rats rPois rN+ Str-1 Int-1 Dex+1}
   (You found it in a treasure trove)

   It affects your strength (-1).
   It affects your intelligence (-1).
   It affects your dexterity (+1).
   It protects you from poison.
   It protects you from negative energy.
 j - the +0 pair of boots "Pidwenog" (worn) {+Fly rPois Dex+4 Stlth+}
   (You found it in a treasure trove)

   It affects your dexterity (+4).
   It protects you from poison.
   It lets you fly.
   It makes you more stealthy.
 p - a +2 cloak of magic resistance (worn)
 r - the +0 hat of the Echidna (worn) {rN+ Dex+4}
   (You found it in a treasure trove)

   It affects your dexterity (+4).
   It protects you from negative energy.
 F - the +5 ring mail of Watchfulness (worn) {MR++ rCorr Str+3}
   (Okawaru gifted it to you on level 2 of the Shoals)

   It affects your strength (+3).
   It affects your resistance to hostile enchantments.
   It protects you from acid and corrosion.
 Y - the +0 pair of gloves of Defence (worn) {rElec Str+3}
   (You found it in a treasure trove)

   It affects your strength (+3).
   It insulates you from electricity.
 Z - the +0 large shield of Autotheism (worn) {Str+4 Dex+3 Slay+2}
   (You found it in a treasure trove)

   It affects your strength (+4).
   It affects your dexterity (+3).
   It affects your accuracy and damage with ranged weapons and melee attacks
   (+2).
Jewellery
 d - the ring of Cynug {+Fly rElec MR+ Slay+3}
   (You took it off a deep elf high priest on level 5 of the Vaults)

   [ring of protection from magic]

   It affects your accuracy and damage with ranged weapons and melee attacks
   (+3).
   It insulates you from electricity.
   It affects your resistance to hostile enchantments.
   It lets you fly.
 h - a ring of see invisible (right hand)
 l - the ring "Loakol" (left hand) {rF+++ rC+++ MR- AC+3 Str-4}
   (You bought it in a shop on level 2 of the Orcish Mines)

   [ring of protection]

   It affects your AC (+3).
   It affects your strength (-4).
   It renders you almost immune to fire.
   It renders you almost immune to cold.
   It affects your resistance to hostile enchantments.
 v - the amulet "Ocatur" (around neck) {Reflect Fragile Str+4 Slay+5 SH+3}
   (You found it on level 1 of the Shoals)

   [amulet of reflection]

   It shields you and reflects attacks.
   It affects your strength (+4).
   It affects your accuracy and damage with ranged weapons and melee attacks
   (+5).
   It will be destroyed if unequipped.
   It affects your SH (+3).
 K - the ring of Democracy {rC+ rN+ MR+ Dex-3}
   (You found it in a wizard's laboratory)

   [ring of positive energy]

   It affects your dexterity (-3).
   It protects you from cold.
   It protects you from negative energy.
   It affects your resistance to hostile enchantments.
Wands
 k - a wand of clouds (8)
 z - a wand of paralysis (25)
 L - a wand of acid (33)
 V - a wand of digging (42)
Scrolls
 a - 6 scrolls of fog
 f - 20 scrolls of remove curse
 t - 15 scrolls of teleportation
 y - 5 scrolls of blinking
 A - a scroll of holy word
 B - a scroll of enchant armour
 C - a scroll of amnesia
 E - 6 scrolls of fear
 G - 3 scrolls of magic mapping
 P - a scroll of brand weapon
 Q - 3 scrolls of summoning
 R - 2 scrolls of immolation
 W - 5 scrolls of identify
Potions
 b - a potion of flight
 g - 25 potions of curing
 i - 2 potions of might
 n - 2 potions of agility
 o - 5 potions of cancellation
 q - 6 potions of haste
 J - 2 potions of berserk rage
 O - 3 potions of resistance
 S - 8 potions of heal wounds
 T - 3 potions of magic
 X - a potion of invisibility
Miscellaneous
 e - a fan of gales
 m - a phial of floods
 u - a lamp of fire
 I - a lightning rod (4/4)
 M - a lightning rod (4/4)
Comestibles
 H - 15 rations


   Skills:
 O Level 27 Fighting
 - Level 14.0 Polearms
 + Level 14.2 Armour
 O Level 27 Dodging
 + Level 9.1 Stealth
 + Level 19.3 Shields
 - Level 17.5 Spellcasting
 - Level 2.0 Hexes
 - Level 10.8 Charms
 - Level 6.0 Necromancy
 - Level 7.0 Translocations
 - Level 10.0 Transmutations
 - Level 6.0 Ice Magic
 - Level 3.0 Air Magic
 - Level 4.0 Earth Magic
 - Level 8.0 Invocations
 - Level 3.0 Evocations


You had 33 spell levels left.
You knew the following spells:

 Your Spells              Type           Power        Failure   Level  Hunger
a - Infusion              Chrm           ####         1%          1    None
b - Song of Slaying       Chrm           #####...     1%          2    None
c - Shroud of Golubria    Chrm/Tloc      ####......   1%          2    None
d - Regeneration          Chrm/Necr      ####......   1%          3    None
e - Spectral Weapon       Hex/Chrm       ####....     3%          3    None
f - Ozocubu's Armour      Chrm/Ice       ####....     1%          3    None
g - Blink                 Tloc           N/A          1%          2    None
h - Statue Form           Tmut/Erth      ####.....    80%         6    ######.
i - Swiftness             Chrm/Air       ####....     1%          2    None
j - Passage of Golubria   Tloc           N/A          9%          4    ##.....


Dungeon Overview and Level Annotations

Branches:
Dungeon (15/15)            Temple (0/1) D:4            Lair (6/6) D:9
 Shoals (4/4) Lair:4       Spider (4/4) Lair:2        Slime (0/5) Lair:5
    Orc (2/2) D:12            Elf (3/3) Orc:2        Vaults (5/5) D:13
  Crypt (0/3) Vaults:2     Depths (5/5) D:15            Zot (5/5) Depths:5

Altars:
Dithmenos
Fedhas
Gozag
Hepliaklqana
Makhleb
Okawaru
Ru
Sif Muna
Xom
Zin
The Shining One
Beogh
Jiyva

Shops:
D:11 =   Orc:1 (   Orc:2 [*!*   Shoals:4 (   Vaults:3 :*:!   Depths:1 *
Depths:3 =}=

Portals:
Hell: Depths:1 Depths:2 Depths:3 Depths:4 Depths:5
Abyss: Depths:2 Depths:4
Pandemonium: Depths:3 Depths:5
Ziggurat: Depths:4


Innate Abilities, Weirdness & Mutations

You revert to your normal form in water.
You are very nimble and swift while swimming.
You are very stealthy in the water. (Stealth+)
Scrolls take you a little longer to read.
You possess an exceptional clarity of mind.
Armour fits poorly on your strangely shaped body.
Your body sometimes deteriorates upon taking damage.
You are dopey. (Int -2)
You occasionally shout uncontrollably at your foes.
You are weak. (Str -2)
You expend magic power (3 MP) to strengthen your wands.


Message History

You kill the ice devil!
Okawaru accepts your kill.
No target in view!
An ice devil comes into view.
The ice devil completely misses you.
You hit the ice devil.
The ice devil convulses.
The ice devil is lightly wounded.
You hit the ice devil but do no damage.
The ice devil is lightly wounded.
You block the ice devil's attack.
You puncture the ice devil!
The ice devil convulses!
The ice devil is severely wounded.
You block the ice devil's attack.
A sixfirhy comes into view.
You impale the ice devil!!
You kill the ice devil!
Okawaru accepts your kill. You block the sixfirhy's attack.
There is a staircase leading out of the dungeon here.
You have escaped!

#.# #.#####. #########.#
####.#####. #
#.........######.......##.
#
#.######......##.##.##.##.
# #.# #.....#.##.##.......
# #.# ##.........#####.###
## ################## #.##
.########.........# ###..#
...............3@.#####
#....##
##########........#^.>#
#.#...# # ##........#####
#...#.# # ##...#.....#
##.#...# ###
##...###....#### ##....#.#
###.###...##
##.####.####...#...#
....##...## #.#
#.'........#.# ###.#...###
###.####.####...#....
#.#..##.# #.......##
##....#..


You could see a sixfirhy.

Vanquished Creatures
  5 ancient liches
  4 orbs of fire
  Mennas (Vaults:3)
  2 juggernauts (Depths:3)
  4 Killer Klowns (Zot:5)
  Margery (Vaults:2)
  A caustic shrike (Depths:3)
  A curse toe (Zot:2)
  Saint Roka (Vaults:1)
  Xtahua (Depths:3)
  13 golden dragons
  Nikola (Vaults:1)
  5 electric golems
  Jorgrun (Shoals:4)
  9 liches
  20 tentacled monstrosities
  33 Orb Guardians
  A moon troll (WizLab)
  2 deep elf blademasters (Elf:3)
  14 quicksilver dragons
  7 death cobs
  12 tentacled starspawn (WizLab)
  4 titans
  A deep elf master archer (Elf:3)
  A kraken (Shoals:1)
  Gastronok (D:10)
  6 sphinxes
  11 storm dragons
  Roxanne (Shoals:4)
  9 tengu reavers
  15 fire giants
  7 draconian monks
  7 shadow dragons
  Kirke (D:14)
  Ilsuiw (Shoals:4)
  6 draconian knights
  3 iron dragons
  5 ghost moths
  18 frost giants
  6 deep elf sorcerers
  13 vault wardens
  2 balrugs
  An orc warlord (Orc:2)
  A cacodemon (WizLab)
  6 emperor scorpions
  A juggernaut zombie (D:15)
  8 draconian shifters
  5 draconian scorchers
  4 deep elf elementalists
  2 war gargoyles
  5 draconian annihilators
  A draconian stormcaller (Zot:2)
  A juggernaut skeleton (Depths:1)
  23 ironheart preservers
  34 very ugly things
  3 spriggan defenders
  5 entropy weavers
  34 stone giants
  An entropy weaver (shapeshifter) (Vaults:4)
  7 deep elf demonologists
  6 green draconians
  13 red draconians
  7 black draconians
  7 deep elf annihilators
  12 yellow draconians
  A dire elephant (shapeshifter) (Vaults:2)
  7 white draconians
  5 purple draconians
  5 spark wasps
  2 green deaths
  5 deep elf death magi
  3 merfolk javelineers
  A crystal guardian (WizLab)
  9 ettins
  9 fire dragons
  16 yaktaur captains
  2 jiangshi (Depths:5)
  10 merfolk impalers
  Josephine (D:14)
  20 ogre magi
  Erolcha (D:8)
  8 deep elf high priests
  6 great orbs of eyes
  5 hydras
  35 vault guards
  A hell beast (Zot:1)
  8 ice dragons
  2 alligator snapping turtles (Shoals:4)
  2 spriggan air magi
  A catoblepas (Lair:6)
  9 centaur warriors
  70 two-headed ogres
  30 dancing weapons
  A death knight (Vaults:2)
  3 merfolk avatars
  6 deep troll shamans
  A satyr (shapeshifter) (Vaults:5)
  5 satyrs
  6 merfolk aquamancers
  4 tengu warriors
  4 vampire magi
  A titan zombie (Depths:3)
  4 deep troll earth magi
  4 spriggan berserkers
  8 death yaks
  A shock serpent (shapeshifter) (Vaults:4)
  4 sun demons
  3 orc high priests (Orc:2)
  15 hell knights
  24 deep elf knights
  Sonja (D:14)
  A wretched star (WizLab)
  6 iron trolls
  A sixfirhy (Zot:5)
  An orange crystal statue (WizLab)
  A salamander mystic (Depths:3)
  8 skeletal warriors
  A fire crab (D:15)
  A shadow wraith (Vaults:2)
  15 sea snakes
  33 deep trolls
  17 deep elf archers
  4 lindwurms (D:14)
  10 ironbrand convokers
  11 harpies
  9 wizards
  2 flayed ghosts
  11 glowing orange brains
  69 deep elf magi
  11 necromancers
  A phantasmal warrior (Vaults:5)
  15 orc knights
  2 orb spiders (shapeshifter)
  A tengu zombie (Depths:3)
  An iron dragon zombie (Depths:3)
  17 orb spiders
  11 fauns
  A tengu skeleton (D:15)
  4 oklob plants (Lair:1)
  34 wolf spiders
  13 manticores
  7 orc sorcerers
  2 sphinx zombies
  62 ugly things
  A manticore (shapeshifter) (Depths:4)
  A frost giant zombie (Depths:1)
  A shadow dragon skeleton (Depths:3)
  2 salamanders (shapeshifter)
  32 moths of wrath
  4 salamanders (Depths:3)
  9 cyclopes
  9 elephants (Lair:6)
  Maurice (D:13)
  6 water nymphs
  5 centaur zombies
  8 merfolk sirens
  Joseph (D:9)
  5 black mambas
  17 vault sentinels
  A centaur skeleton (D:14)
  2 torpor snails
  3 human zombies (Vaults:4)
  2 gargoyles (D:12)
  An eye of devastation (WizLab)
  6 spiny frogs
  2 kobold demonologists (D:13)
  A rime drake (shapeshifter) (Elf:2)
  A yaktaur zombie (D:15)
  54 yaktaurs
  3 rime drakes
  4 freezing wraiths
  A spriggan zombie (Depths:1)
  A guardian mummy (D:15)
  4 efreet
  7 komodo dragons
  A hellwing (Depths:4)
  2 ice devils (D:1)
  5 starcursed masses (WizLab)
  7 demonic crawlers
  2 queen bees (shapeshifter)
  3 tengu conjurers
  20 jumping spiders
  A troll (shapeshifter) (Depths:5)
  38 merfolk
  7 polar bears
  6 meliai
  A meliai (shapeshifter) (Vaults:4)
  8 trolls
  8 wind drakes
  The ghost of erloom the Poker, an amateur MfSk (D:3)
  17 hornets
  A sphinx simulacrum (Vaults:4)
  12 blink frogs
  17 slime creatures
  A dream sheep (shapeshifter) (Vaults:5)
  18 dream sheep
  A blink frog (shapeshifter) (Vaults:4)
  A deep troll zombie (Depths:1)
  16 hippogriffs
  A hippogriff (shapeshifter) (Vaults:4)
  8 snapping turtles
  81 redbacks
  A meliai zombie (D:14)
  A ynoxinul (D:13)
  2 air elementals
  14 spriggans
  3 wyverns
  A spriggan skeleton (Depths:2)
  36 tarantellas
  An ettin skeleton (Depths:2)
  10 wraiths
  36 yaks
  Sigmund (D:6)
  2 fire elementals (Elf:3)
  3 hogs (D:14)
  26 water elementals
  A tarantella (shapeshifter) (Vaults:2)
  7 basilisks
  3 hungry ghosts
  10 golden eyes (WizLab)
  A golden eye (shapeshifter) (Vaults:1)
  2 chaos spawn
  3 neqoxecs (WizLab)
  A yaktaur simulacrum (Vaults:2)
  3 human simulacra
  2 soldier ants
  6 wargs
  An acid dragon (shapeshifter) (Vaults:4)
  A water moccasin (shapeshifter) (Vaults:2)
  11 water moccasins
  A floating eye (Depths:3)
  5 porcupines
  9 ice beasts
  13 black bears
  5 sky beasts
  An elf zombie (Vaults:4)
  A necrophage (D:10)
  40 orc warriors
  A phantom (D:10)
  A deep troll simulacrum (Depths:1)
  51 ogres
  2 eyes of draining
  20 wolves
  10 boggarts
  The ghost of medis the Cutter, an amateur HaSk (D:4)
  17 centaurs
  10 crocodiles
  2 big kobolds (D:13)
  17 bullfrogs
  A gnoll sergeant (D:7)
  An earth elemental (Elf:1)
  A wyvern zombie (D:14)
  A wyvern skeleton (D:14)
  2 scorpions
  A water moccasin skeleton (D:9)
  7 wights
  4 howler monkeys
  An electric eel (Spider:3)
  8 crimson imps
  A bullfrog zombie (D:7)
  8 hounds
  5 jellies
  A quasit (D:11)
  30 orc priests
  6 iguanas
  Crazy Yiuf (D:2)
  A bullfrog skeleton (D:13)
  Ijyb (D:4)
  35 orc wizards
  10 worker ants
  A hound skeleton (D:11)
  A howler monkey zombie (D:5)
  Robin (D:2)
  9 adders
  7 gnolls
  5 shadow imps
  3 white imps
  An ufetubus (Zot:1)
  3 oozes
  An adder zombie (D:6)
  3 adder skeletons
  5 worms
  2 dart slugs (D:1)
  2 leopard geckos
  149 orcs
  A ball python (D:7)
  6 bats
  8 giant cockroaches
  12 goblins
  16 hobgoblins
  9 jackals
  15 kobolds
  6 quokkas
  5 frilled lizards
  A quokka skeleton (D:8)
  5 rats
  5 plants
  11 starspawn tentacles (WizLab)
  3 tentacles (Shoals:1)
2493 creatures vanquished.

Vanquished Creatures (collateral kills)
  A wyvern (Lair:4)
  A fungus (Lair:4)
2 creatures vanquished.

Vanquished Creatures (others)
  A deep elf master archer (Elf:3)
  2 ironheart preservers
  2 stone giants
  A jiangshi (Depths:5)
  A merfolk javelineer (Shoals:4)
  3 yaktaur captains
  A two-headed ogre (D:6)
  4 deep elf archers
  A deep elf mage (Elf:2)
  2 fauns (Shoals:4)
  A large abomination (D:4)
  2 moths of wrath (Zot:5)
  A cyclops (Shoals:2)
  14 yaktaurs
  A human (D:14)
  A fire elemental (Elf:1)
  Duvessa (D:6)
  An ogre (Zot:1)
  2 centaurs
  Dowan (D:6)
  A jelly (D:6)
  An orc priest (D:6)
  An orc (Orc:1)
  8 fungi
  113 plants
  3 spectral weapons
  29 starspawn tentacles (WizLab)
  19 tentacles (Shoals:1)
  7 withered plants (D:15)
225 creatures vanquished.

Grand Total: 2720 creatures vanquished

Notes
Turn   | Place    | Note
-------+----------+-------------------------------------------
     0 | D:1      | erloom the Merfolk Skald began the quest for the Orb.
     0 | D:1      | Reached XP level 1. HP: 16/16 MP: 3/3
   161 | D:1      | Reached XP level 2. HP: 17/23 MP: 5/5
   572 | D:1      | Reached XP level 3. HP: 28/28 MP: 6/6
  1167 | D:2      | Found a runed door.
  1291 | D:2      | Noticed Robin
  1312 | D:2      | Killed Robin
  1312 | D:2      | Reached XP level 4. HP: 18/34 MP: 1/7
  1624 | D:2      | Learned a level 2 spell: Song of Slaying
  1627 | D:2      | Learned a level 2 spell: Shroud of Golubria
  2271 | D:3      | Noticed erloom's ghost (amateur MfSk)
  2307 | D:3      | Killed erloom's ghost
  2307 | D:3      | Reached XP level 5. HP: 15/41 MP: 1/9
  2307 | D:3      | Reached XP level 6. HP: 17/47 MP: 1/10
  2539 | D:3      | Found a hazy altar of Hepliaklqana.
  2571 | D:3      | Reached skill level 5 in Polearms
  3081 | D:3      | Found a glowing golden altar of the Shining One.
  3081 | D:3      | Found an iron altar of Okawaru.
  3085 | D:3      | Became a worshipper of Warmaster Okawaru
  3357 | D:2      | Noticed Crazy Yiuf
  3364 | D:2      | Killed Crazy Yiuf
  3461 | D:4      | Noticed Ijyb
  3483 | D:4      | Killed Ijyb
  3486 | D:4      | Noticed medis's ghost (amateur HaSk)
  3507 | D:4      | Killed medis's ghost
  3507 | D:4      | Reached XP level 7. HP: 49/54 MP: 0/12
  3833 | D:4      | Found a staircase to the Ecumenical Temple.
  3866 | D:4      | Reached skill level 5 in Dodging
  3888 | D:4      | Reached skill level 5 in Charms
  3986 | D:4      | Got a slimy short sword {pierce}
  3989 | D:4      | Identified the +3 short sword "Wumociv" {pierce, *Drain +Blink rPois Str-5} (You took it off an orc wizard on level 4 of the Dungeon)
  4210 | D:4      | Reached * piety under Okawaru
  4390 | D:4      | Found a shadowy altar of Dithmenos.
  4524 | D:5      | Entered Level 5 of the Dungeon
  4688 | D:5      | Learned a level 3 spell: Regeneration
  4692 | D:5      | Learned a level 3 spell: Spectral Weapon
  5119 | D:5      | Reached XP level 8. HP: 56/61 MP: 12/14
  5644 | D:6      | Found a shimmering altar of Xom.
  5650 | D:6      | Noticed a two-headed ogre
  5747 | D:6      | Got a heavily jewelled robe
  5771 | D:5      | Identified the +1 robe of the Shoals {Dex+3 SInv} (You found it on level 6 of the Dungeon)
  5823 | D:6      | Noticed Sigmund
  5833 | D:6      | Killed Duvessa
  5845 | D:6      | Killed Sigmund
  5856 | D:6      | Killed Dowan
  6181 | D:6      | Reached skill level 5 in Fighting
  6248 | D:6      | Reached skill level 1 in Necromancy
  6336 | D:6      | Reached skill level 1 in Translocations
  6474 | D:6      | Reached ** piety under Okawaru
  6553 | D:6      | Killed a two-headed ogre
  7194 | D:7      | Reached XP level 9. HP: 68/68 MP: 11/16
  7734 | D:7      | Found a hazy altar of Hepliaklqana.
  7865 | D:7      | Got a translucent chain mail
  7869 | D:7      | Identified the +7 chain mail "Ekaegur" {SInv} (You found it on level 7 of the Dungeon)
  8058 | D:6      | Reached skill level 1 in Invocations
  8113 | D:6      | Reached skill level 5 in Spellcasting
  8240 | D:6      | Learned a level 3 spell: Ozocubu's Armour
  8408 | D:8      | Noticed a two-headed ogre
  8627 | D:8      | Reached *** piety under Okawaru
  8629 | D:8      | Reached skill level 1 in Ice Magic
  8695 | D:8      | Found a glowing silver altar of Zin.
  9126 | D:8      | Killed a two-headed ogre
  9126 | D:8      | Reached XP level 10. HP: 19/77 MP: 13/18
 10003 | D:9      | Found a burning altar of Makhleb.
 10004 | D:9      | Found a shimmering altar of Xom.
 10025 | D:9      | Noticed Joseph
 10051 | D:9      | Killed Joseph
 10051 | D:9      | Reached **** piety under Okawaru
 10052 | D:9      | Found a staircase to the Lair.
 10052 | D:9      | Noticed a death yak
 10052 | D:9      | Noticed a death yak
 10052 | D:9      | Noticed a two-headed ogre
 10175 | D:9      | Noticed Erolcha
 10175 | D:9      | Noticed a two-headed ogre
 10186 | D:8      | Killed Erolcha
 10694 | D:9      | Found a deep blue altar of Sif Muna.
 10828 | D:9      | Killed a two-headed ogre
 10828 | D:9      | Reached ***** piety under Okawaru
 10828 | D:9      | Reached skill level 1 in Shields
 10862 | Lair:1   | Entered Level 1 of the Lair of Beasts
 10866 | Lair:1   | Reached skill level 1 in Hexes
 10937 | D:9      | Killed a two-headed ogre
 10937 | D:9      | Received a gift from Okawaru
 10937 | D:9      | Reached XP level 11. HP: 57/84 MP: 15/20
 11412 | D:9      | Identified Sif Muna's Tome of Attacks
 11494 | D:9      | Noticed a two-headed ogre
 11533 | D:9      | Killed a two-headed ogre
 11914 | D:9      | Killed a death yak
 11914 | D:9      | Reached skill level 10 in Polearms
 11958 | Lair:1   | Noticed an oklob plant
 11958 | Lair:1   | Noticed an oklob plant
 11982 | Lair:1   | HP: 3/85 [komodo dragon (16)]
 13252 | Lair:1   | Noticed an oklob plant
 13281 | Lair:2   | Found a blossoming altar of Fedhas.
 13345 | Lair:2   | Learned a level 2 spell: Blink
 13429 | Lair:2   | Got a pitted spear
 13432 | Lair:2   | Identified the cursed +1 spear "Fysupp" {pierce, MR+ Int+2} (You found it on level 2 of the Lair of Beasts)
 13512 | Lair:2   | Found a hole to the Spider Nest.
 13874 | Lair:2   | Received a gift from Okawaru
 13892 | Lair:2   | Reached skill level 5 in Invocations
 14343 | Lair:3   | Reached XP level 12. HP: 85/94 MP: 16/22
 14361 | Lair:3   | Reached skill level 10 in Dodging
 14910 | Lair:3   | Found a frozen archway.
 14928 | IceCv    | Entered an ice cave
 14950 | IceCv    | Reached ****** piety under Okawaru
 14950 | IceCv    | Received a gift from Okawaru
 15131 | IceCv    | Got a pitted halberd {god gift}
 15135 | IceCv    | Found a transporter.
 15936 | Lair:4   | Found the +9 heavy crossbow "Sniper" {velocity, Acc+∞ SInv}
 15939 | Lair:4   | Noticed a death yak
 15977 | Lair:4   | Killed a death yak
 15977 | Lair:4   | Reached skill level 5 in Shields
 16082 | Lair:4   | Found a staircase to the Shoals.
 16541 | Lair:4   | Noticed a four-headed hydra
 16550 | Lair:4   | Killed a four-headed hydra
 16725 | Lair:4   | Received a gift from Okawaru
 16781 | Lair:4   | Reached skill level 10 in Fighting
 16789 | Lair:4   | Got a smoking halberd
 16792 | Lair:4   | Identified the +4 halberd of Voetzumip {chop, rC++ MR- Dex+8} (Okawaru gifted it to you in an ice cave)
 16793 | Lair:4   | Identified the +5 halberd of Righteous Anger {chop, +Rage} (You found it on level 4 of the Lair of Beasts)
 16970 | Lair:5   | Found a staircase to the Slime Pits.
 16970 | Lair:5   | Found a viscous altar of Jiyva.
 16998 | Lair:5   | Reached XP level 13. HP: 103/103 MP: 24/24
 17183 | Lair:5   | Reached skill level 1 in Armour
 17183 | Lair:5   | Reached skill level 1 in Stealth
 17408 | Lair:5   | Reached skill level 1 in Evocations
 18166 | Lair:6   | Entered Level 6 of the Lair of Beasts
 18218 | Lair:6   | Received a gift from Okawaru
 18249 | Lair:6   | Got a twisted halberd {god gift}
 18258 | Lair:5   | Identified the +1 halberd "Henemoce" {chop, *Corrode rN+ Stlth+} (Okawaru gifted it to you on level 6 of the Lair of Beasts)
 18850 | Lair:6   | Received a gift from Okawaru
 19766 | Lair:6   | Reached XP level 14. HP: 66/113 MP: 6/25
 20313 | Lair:6   | Received a gift from Okawaru
 20944 | D:10     | Entered Level 10 of the Dungeon
 21025 | D:10     | Noticed Gastronok
 21054 | D:10     | Killed Gastronok
 22080 | D:11     | Found Lapruj's Jewellery Shoppe.
 22216 | D:11     | Bought the amulet of Vitality {Regen+ HP+15} for 869 gold pieces
 22216 | D:11     | Found the amulet of Vitality {Regen+ HP+15}
 22287 | D:11     | Received a gift from Okawaru
 22613 | D:12     | Identified the Grimoire of Earthen Venom
 22670 | D:12     | Found an opulent altar of Gozag.
 23108 | D:12     | Found a staircase to the Orcish Mines.
 23133 | Orc:1    | Entered Level 1 of the Orcish Mines
 23289 | Orc:1    | Found Repuescho's Antique Weapon Shoppe.
 23465 | Orc:1    | Received a gift from Okawaru
 23469 | Orc:1    | Got an ebony halberd {god gift}
 23704 | Orc:1    | Identified the +1 halberd "Luttigecw" {venom, +Rage} (Okawaru gifted it to you on level 1 of the Orcish Mines)
 23719 | Orc:2    | Entered Level 2 of the Orcish Mines
 23746 | Orc:2    | Found a staircase to the Elven Halls.
 24075 | Orc:2    | Reached XP level 15. HP: 126/126 MP: 26/26
 24269 | Orc:2    | Found Racot's General Store.
 24269 | Orc:2    | Found Lukli's Armour Emporium.
 24270 | Orc:2    | Found Qid Usad's Distillery.
 24270 | Orc:2    | Found Cystotui's Assorted Antiques.
 24281 | Orc:2    | Bought a potion of heal wounds for 80 gold pieces
 24281 | Orc:2    | Bought a potion of curing for 48 gold pieces
 24281 | Orc:2    | Bought a potion of heal wounds for 80 gold pieces
 24293 | Orc:2    | Bought a translucent granite ring for 140 gold pieces
 24293 | Orc:2    | Bought a scroll labeled ALOKLASCHIEBB for 28 gold pieces
 24300 | Orc:2    | Identified the ring "Loakol" {rF+++ rC+++ MR- AC+3 Str-4} (You bought it in a shop on level 2 of the Orcish Mines)
 24591 | Orc:2    | Found a roughly hewn altar of Beogh.
 24659 | Orc:2    | Noticed an orc warlord
 24709 | Orc:2    | Killed an orc warlord
 24739 | Orc:2    | Received a gift from Okawaru
 24779 | Orc:2    | Got a shimmering hand axe {god gift}
 24834 | Orc:2    | Found a roughly hewn altar of Beogh.
 25108 | Orc:1    | Bought a crude rapier for 171 gold pieces
 25108 | Orc:1    | Bought a crystal falchion for 152 gold pieces
 25233 | D:9      | Identified the cursed +0 rapier of Myna Lio {flame, rElec Str+3 SInv} (You bought it in a shop on level 1 of the Orcish Mines)
 25239 | D:9      | Identified the +4 falchion "Orb Guardian's Peril" {venom, +Blink Dex+10 SInv Stlth-} (You bought it in a shop on level 1 of the Orcish Mines)
 25248 | D:9      | Identified the +10 hand axe of the Fray {holy, Str+4 Dex-3 SInv} (Okawaru gifted it to you on level 2 of the Orcish Mines)
 25639 | D:13     | Found a gate to the Vaults.
 25678 | D:13     | Reached skill level 15 in Dodging
 25969 | D:13     | Noticed Maurice
 26006 | D:13     | Killed Maurice
 26044 | D:13     | Reached skill level 15 in Fighting
 26079 | D:13     | Received a gift from Okawaru
 26114 | D:13     | Got a transparent battleaxe
 26179 | D:13     | Found a sacrificial altar of Ru.
 26562 | D:14     | Noticed Sonja
 26574 | D:14     | Noticed Josephine
 26688 | D:13     | Reached skill level 5 in Armour
 26874 | D:14     | Killed Sonja
 27008 | D:14     | Received a gift from Okawaru
 27013 | D:14     | Noticed Kirke
 27035 | D:14     | Killed Kirke
 27259 | D:14     | Got a faintly glowing chain mail
 27323 | D:14     | Killed Josephine
 27662 | D:14     | Identified the cursed +0 battleaxe "Qodintud" {elec, Str+4 Int+2 Dex+4 Stlth+} (You found it on level 13 of the Dungeon)
 27675 | D:14     | Identified the cursed +1 chain mail of the Hot Ocelot {Str+4 Dex+3} (You found it on level 14 of the Dungeon)
 27727 | D:15     | Entered Level 15 of the Dungeon
 27783 | D:15     | Found a sacrificial altar of Ru.
 27818 | D:15     | Reached XP level 16. HP: 100/138 MP: 27/27
 28320 | D:15     | Received a gift from Okawaru
 28323 | D:15     | Got a heavily runed cloak {god gift}
 28381 | D:15     | Identified the +0 cloak of Fiunox {rPois} (Okawaru gifted it to you on level 15 of the Dungeon)
 28528 | D:15     | Found a staircase to the Depths.
 28881 | D:15     | Upgraded the game from 0.22-a0-284-g99d1f74 to 0.22-a0-292-g0df9d5f
 29122 | Spider:1 | Entered Level 1 of the Spider Nest
 31525 | Spider:3 | Received a gift from Okawaru
 31929 | Spider:3 | Reached XP level 17. HP: 149/149 MP: 29/29
 32097 | Spider:2 | HP: 8/164 [entropy weaver (2)]
 32099 | Spider:2 | Received a gift from Okawaru
 32102 | Spider:2 | Got an ancient dire flail {god gift}
 32190 | Spider:2 | Identified the +9 dire flail of Radicalism {speed, rC+ MR+ Int+2} (Okawaru gifted it to you on level 2 of the Spider Nest)
 32430 | Spider:4 | Entered Level 4 of the Spider Nest
 32452 | Spider:3 | Reached skill level 5 in Ice Magic
 32897 | Spider:4 | Paralysed by a hornet for 1 turns
 33526 | Spider:4 | Received a gift from Okawaru
 33883 | Spider:4 | Got a transparent plate armour
 33884 | Spider:4 | Identified the +6 plate armour of Context {rF+ MR+ Int-3} (You found it on level 4 of the Spider Nest)
 34200 | Spider:4 | Reached skill level 10 in Charms
 34630 | Spider:4 | Got a gossamer rune of Zot
 35164 | Lair:1   | Found the +3 Elemental Staff {rElec rF++ rC++ MR++ AC+5}
 35271 | Lair:1   | Got an iridescent great sword
 35300 | Lair:1   | Identified the +11 great sword of Res Nullius {freeze, rPois rC- Str+6} (You found it on level 1 of the Lair of Beasts)
 35385 | Shoals:1 | Entered Level 1 of the Shoals
 35733 | Shoals:1 | Found a runed door.
 35875 | Shoals:1 | Got a faintly glowing bardiche
 35887 | Shoals:1 | Identified the +5 bardiche of Temperance {holy, rF+ Str+2} (You found it on level 1 of the Shoals)
 36025 | Shoals:1 | Noticed a kraken
 36201 | Shoals:1 | Got a warped ruby amulet
 36204 | Shoals:1 | Identified the amulet "Ocatur" {Reflect Fragile Str+4 Slay+5 SH+3} (You found it on level 1 of the Shoals)
 36324 | Shoals:1 | Killed a kraken
 36906 | Shoals:2 | Received a gift from Okawaru
 36918 | Shoals:2 | Reached XP level 18. HP: 122/159 MP: 28/31
 36940 | Shoals:2 | Got a spiked ring mail {god gift}
 36956 | Shoals:1 | Identified the +5 ring mail of Watchfulness {MR++ rCorr Str+3} (Okawaru gifted it to you on level 2 of the Shoals)
 37738 | Shoals:3 | Learned a level 6 spell: Statue Form
 37826 | Shoals:3 | Reached skill level 1 in Transmutations
 38262 | Shoals:3 | Reached skill level 1 in Earth Magic
 38726 | Shoals:4 | Entered Level 4 of the Shoals
 38726 | Shoals:4 | Noticed Roxanne
 38745 | Shoals:4 | Found Sooh's Antique Weapon Emporium.
 38841 | Shoals:4 | Noticed Jorgrun
 38860 | Shoals:4 | Killed Jorgrun
 39086 | Shoals:4 | Reached skill level 10 in Spellcasting
 39102 | Shoals:4 | Received a gift from Okawaru
 39932 | Shoals:4 | Noticed Ilsuiw
 39956 | Shoals:4 | Killed Ilsuiw
 40243 | Shoals:4 | Got a barnacled rune of Zot
 40447 | Shoals:4 | Reached skill level 5 in Transmutations
 40593 | Shoals:4 | Reached XP level 19. HP: 137/168 MP: 33/33
 40894 | Shoals:4 | Got a transparent shortbow
 41412 | Shoals:4 | Killed Roxanne
 41675 | Vaults:1 | Entered Level 1 of the Vaults
 41675 | Vaults:1 | Noticed Saint Roka
 41722 | Vaults:1 | Killed Saint Roka
 41722 | Vaults:1 | Received a gift from Okawaru
 41814 | Vaults:1 | Noticed Nikola
 41854 | Vaults:1 | Killed Nikola
 41869 | Vaults:1 | Reached skill level 5 in Translocations
 42346 | Vaults:1 | Received a gift from Okawaru
 44518 | Vaults:2 | Noticed Margery
 44539 | Vaults:2 | Killed Margery
 44539 | Vaults:2 | Received a gift from Okawaru
 44554 | Vaults:2 | Reached XP level 20. HP: 149/178 MP: 14/35
 44989 | Vaults:2 | Found a staircase to the Crypt.
 45614 | Vaults:2 | Noticed a lich
 45629 | Vaults:2 | Killed a lich
 45667 | Vaults:2 | Received a gift from Okawaru
 45688 | Vaults:2 | Received a gift from Okawaru
 46022 | Vaults:2 | Got a pair of transparent gloves {god gift}
 46069 | Vaults:2 | Identified the +2 pair of gloves "Zal Hewau" {Int+3} (Okawaru gifted it to you on level 2 of the Vaults)
 47085 | Vaults:3 | Found Evvin's Assorted Antiques.
 47089 | Vaults:3 | Bought a scroll of identify for 82 gold pieces
 47089 | Vaults:3 | Bought a scroll of fear for 143 gold pieces
 47090 | Vaults:3 | Found Daecek's Book Shop.
 47101 | Vaults:3 | Found Weufuoph's Book Shop.
 47430 | Vaults:3 | Found Eddusum's Distillery.
 47433 | Vaults:3 | Bought a potion of experience for 800 gold pieces
 47435 | Vaults:3 | Reached XP level 21. HP: 187/187 MP: 36/36
 47811 | Vaults:3 | Received a gift from Okawaru
 47904 | Vaults:3 | Got a polished plate armour
 47955 | Vaults:3 | Reached XP level 22. HP: 194/194 MP: 38/38
 48425 | Vaults:3 | Noticed Mennas
 48481 | Vaults:3 | Killed Mennas
 48481 | Vaults:3 | Reached skill level 5 in Stealth
 48559 | Vaults:2 | Identified the cursed +1 plate armour of Impatience {Dex+3} (You found it on level 3 of the Vaults)
 48934 | Vaults:4 | Reached skill level 5 in Necromancy
 49975 | Vaults:4 | Received a gift from Okawaru
 50026 | Vaults:4 | Got a jewelled demon trident {god gift}
 50031 | Vaults:4 | Identified the +4 demon trident of Day {flame, MR++} (Okawaru gifted it to you on level 4 of the Vaults)
 50375 | Vaults:4 | Reached skill level 10 in Transmutations
 50385 | Vaults:4 | Found the +7 longbow "Piercer" {penet, EV-2}
 50436 | Vaults:4 | Reached XP level 23. HP: 69/203 MP: 8/39
 50583 | Vaults:4 | Received a gift from Okawaru
 51442 | Elf:1    | Entered Level 1 of the Elven Halls
 51544 | Elf:1    | Found a magical portal.
 51549 | WizLab   | Entered Lehudib's Moon Base
 51617 | WizLab   | Reached skill level 10 in Shields
 51789 | WizLab   | Paralysed by accursed screaming for 1 turns
 52652 | WizLab   | Received a gift from Okawaru
 53004 | WizLab   | Found a transporter.
 53784 | WizLab   | Identified Lehudib's Reference Book on the Rocks and Orientation
 53819 | WizLab   | Found a transporter.
 53826 | WizLab   | Got a pitted golden ring
 53839 | WizLab   | Identified the ring of Democracy {rC+ rN+ MR+ Dex-3} (You found it in a wizard's laboratory)
 54409 | Elf:1    | Identified the Disquisition on Attacks and the Entourage
 54420 | Elf:1    | Learned a level 2 spell: Swiftness
 54425 | Elf:1    | Learned a level 4 spell: Passage of Golubria
 54821 | Elf:1    | Received a gift from Okawaru
 54831 | Elf:1    | Reached skill level 1 in Air Magic
 55398 | Elf:2    | Found a runed gate.
 55398 | Elf:2    | Found a runed gate.
 55405 | Elf:2    | Found a runed gate.
 55426 | Elf:2    | Found a portal to a secret trove of treasure.
 55438 | Elf:2    | Found a deep blue altar of Sif Muna.
 55470 | Trove    | Entered a treasure trove
 55473 | Trove    | Found the +2 ratskin cloak {+Rats rPois rN+ Str-1 Int-1 Dex+1}
 55485 | Trove    | Got a warped hat
 55490 | Trove    | Got a fine cloak
 55492 | Trove    | Got a twisted ring mail
 55496 | Trove    | Got an ominously black robe
 55498 | Trove    | Got a pair of faintly glowing gloves
 55500 | Trove    | Got a pair of slimy gloves
 55507 | Trove    | Got a smoking large shield
 55533 | Trove    | Identified the +0 hat of the Echidna {rN+ Dex+4} (You found it in a treasure trove)
 55541 | Trove    | Got a pair of heavily runed boots
 55555 | Trove    | Identified the +0 pair of boots "Pidwenog" {+Fly rPois Dex+4 Stlth+} (You found it in a treasure trove)
 55572 | Trove    | Identified the +0 pair of gloves "Pozaett" {Dex+3} (You found it in a treasure trove)
 55582 | Trove    | Identified the +0 pair of gloves of Defence {rElec Str+3} (You found it in a treasure trove)
 55592 | Trove    | Identified the +0 cloak of Sif Muna's Benevolence {+Blink rCorr} (You found it in a treasure trove)
 55602 | Trove    | Identified the +0 large shield of Autotheism {Str+4 Dex+3 Slay+2} (You found it in a treasure trove)
 55612 | Trove    | Identified the +1 robe of Imperfection {rN+} (You found it in a treasure trove)
 55622 | Trove    | Identified the cursed +0 ring mail of Morgh {*Slow rCorr Str+7 Int-3} (You found it in a treasure trove)
 55801 | Elf:2    | Reached XP level 24. HP: 212/214 MP: 40/40
 55920 | Elf:2    | Identified the Tome of Calling
 56947 | Elf:3    | Entered Level 3 of the Elven Halls
 57569 | Elf:3    | Got a coiled tin ring
 57569 | Elf:3    | Got a glittering wooden ring
 57573 | Elf:3    | Identified a scroll of acquirement
 57580 | Elf:3    | Identified the ring of Ynley {rElec Str+8 Int-2 Dex+6 Stlth-} (You took it off a deep elf mage on level 3 of the Elven Halls)
 57581 | Elf:3    | Identified the ring of Iseiraebb {+Blink rPois rN+ Int-3} (You took it off a deep elf annihilator on level 3 of the Elven Halls)
 57650 | Elf:3    | Identified the Grimoire of Supportive Boosts
 57688 | Elf:3    | Got a clouded steel amulet
 57722 | Elf:3    | Identified the Tome of Calculation
 57733 | Elf:3    | Got a crude ring mail
 57771 | Elf:3    | Identified the +5 ring mail of Shadows and Fog {Str+4 Int+7} (You found it on level 3 of the Elven Halls)
 57781 | Elf:3    | Identified the amulet "Jym Suog" {Inacc Str+5 Int-2 SInv} (You found it on level 3 of the Elven Halls)
 57963 | Elf:3    | Got a slimy bronze amulet
 57965 | Elf:3    | Identified the amulet "Niorrat" {Acrobat rElec} (You acquired it on level 3 of the Elven Halls)
 58189 | Elf:3    | Got an iridescent halberd
 58193 | Elf:3    | Identified the cursed +3 halberd of the Shrike {chop, +Blink Int+5} (You found it on level 3 of the Elven Halls)
 58676 | Depths:1 | Entered Level 1 of the Depths
 58987 | Depths:1 | Found Ustoe's Elemental Accessories.
 58995 | Depths:1 | Bought a lamp of fire for 560 gold pieces
 59716 | Depths:1 | Found a gateway to Hell.
 59722 | Depths:1 | Got a slimy lapis lazuli ring
 59725 | Depths:1 | Identified the ring "Xyphiuv" {Ice rElec} (You found it on level 1 of the Depths)
 60204 | Depths:2 | Reached XP level 25. HP: 223/223 MP: 41/41
 60930 | Depths:2 | Found a one-way gate to the infinite horrors of the Abyss.
 61016 | Depths:3 | Paralysed by a floating eye for 2 turns
 61426 | Depths:3 | Noticed Xtahua
 61441 | Depths:3 | Killed Xtahua
 61465 | Depths:3 | Noticed a juggernaut
 61482 | Depths:3 | Received a gift from Okawaru
 62271 | Depths:3 | Found a one-way gate leading to the halls of Pandemonium.
 62356 | Depths:3 | Found Abruysiu's Jewellery Emporium.
 62356 | Depths:3 | Found Qopyll's Gadget Shop.
 62357 | Depths:3 | Found Aquitsom's Jewellery Emporium.
 62853 | Depths:4 | Found a burning altar of Makhleb.
 62863 | Depths:4 | Got a bound glass ring
 62865 | Depths:4 | Identified the ring of Past Mistakes {Fire rElec MR- Str+6} (You found it on level 4 of the Depths)
 62899 | Depths:4 | Identified the +9 plate armour "Seim Cod" {rF+ Dex+2} (You found it on level 4 of the Depths)
 62954 | Depths:4 | Identified the +0 cloak "Mysun" {rN+ Str+4} (You found it on level 4 of the Depths)
 63065 | Depths:4 | Found a gateway to a ziggurat.
 63242 | Depths:4 | Gained mutation: Your body sometimes deteriorates upon taking damage. [mutagenic glow]
 63842 | Depths:3 | Killed a juggernaut
 63842 | Depths:3 | Received a gift from Okawaru
 63878 | Depths:3 | Got a scorched trident {god gift}
 64121 | Depths:3 | Noticed a juggernaut
 64124 | Depths:3 | Found the +7 sceptre of Torment
 64148 | Depths:3 | Reached XP level 26. HP: 233/235 MP: 41/41
 64326 | Depths:3 | Killed a juggernaut
 64335 | Depths:3 | Reached skill level 15 in Spellcasting
 64341 | Depths:3 | Received a gift from Okawaru
 64362 | Depths:3 | Identified the +7 trident of Righteous Fury {freeze, *Noise +Inv rN+++ Int+2} (Okawaru gifted it to you on level 3 of the Depths)
 64425 | Depths:5 | Entered Level 5 of the Depths
 65535 | Depths:5 | Received a gift from Okawaru
 66109 | Depths:5 | Received a gift from Okawaru
 66112 | Depths:5 | Got a dazzling ring mail {god gift}
 66344 | Depths:5 | Identified the +6 ring mail of Dogena {rF+} (Okawaru gifted it to you on level 5 of the Depths)
 66553 | Depths:5 | Found a gate to the Realm of Zot.
 67620 | Vaults:5 | Entered Level 5 of the Vaults
 67656 | Vaults:5 | Noticed an ancient lich
 67697 | Vaults:4 | Reached XP level 27. HP: 143/244 MP: 42/42
 68574 | Vaults:5 | Noticed an ancient lich
 68644 | Vaults:4 | Reached skill level 10 in Armour
 68895 | Vaults:4 | Killed an ancient lich
 68895 | Vaults:4 | Received a gift from Okawaru
 68987 | Vaults:4 | Killed an ancient lich
 69245 | Vaults:5 | Got a twitching steel ring
 69555 | Vaults:5 | Got a silver rune of Zot
 69570 | Vaults:5 | Identified the ring "Nappys" {rElec rC+ rN+ Str-5 Int+4} (You found it on level 5 of the Vaults)
 69630 | Vaults:5 | Received a gift from Okawaru
 69642 | Vaults:5 | Got a pair of fine boots {god gift}
 69720 | Vaults:4 | Identified the +3 pair of boots "Lyfao" {rC+ rN+ Dex+4} (Okawaru gifted it to you on level 5 of the Vaults)
 69783 | Vaults:5 | Found the +10 Black Knight's horse barding {ponderous, rPois rN+}
 69810 | Vaults:5 | Noticed an ancient lich
 69830 | Vaults:5 | Killed an ancient lich
 69830 | Vaults:5 | Reached skill level 15 in Shields
 69955 | Vaults:5 | Got a scintillating glass ring
 69971 | Vaults:5 | Identified Ryps's Catalogue of Unholy Rites and Execration
 69984 | Vaults:5 | Identified the ring "Risit" {Ice -Tele rPois Str-3 Stlth+} (You took it off an orc knight on level 5 of the Vaults)
 70051 | Vaults:5 | Got a pitted platinum ring
 70133 | Vaults:5 | Found the +6 lightning scales {run, rElec}
 70153 | Vaults:5 | Got a steaming chain mail
 70158 | Vaults:5 | Identified the ring of Cynug {+Fly rElec MR+ Slay+3} (You took it off a deep elf high priest on level 5 of the Vaults)
 70163 | Vaults:5 | Identified the +6 chain mail of the Cricket {rC+ MR- Int+5 SInv} (You found it on level 5 of the Vaults)
 70432 | Vaults:5 | Identified the Volume of Earth and Boosts
 70524 | Vaults:5 | Got a twisted spear {pierce}
 70529 | Vaults:5 | Identified the cursed +0 spear "Iwoy" {pierce, Str+2} (You took it off an orc wizard on level 5 of the Vaults)
 70638 | Vaults:5 | Reached skill level 27 in Fighting
 71365 | Zot:1    | Entered Level 1 of the Realm of Zot
 72409 | Zot:1    | Received a gift from Okawaru
 72444 | Zot:1    | Got a pair of twisted boots {god gift}
 72473 | Depths:5 | Identified the +2 pair of boots of Circular Logic {*Drain rN+ Dex+4} (Okawaru gifted it to you on level 1 of the Realm of Zot)
 74425 | Zot:2    | Noticed an orb of fire
 74442 | Zot:2    | Gained mutation: You possess an exceptional clarity of mind. [an orb of fire]
 74454 | Zot:2    | Killed an orb of fire
 74481 | Zot:2    | Received a gift from Okawaru
 74601 | Zot:2    | Upgraded the game from 0.22-a0-292-g0df9d5f to 0.22-a0-293-gc9362ec
 76980 | Zot:3    | Received a gift from Okawaru
 76988 | Zot:3    | Got a pitted plate armour {god gift}
 76997 | Zot:3    | Identified the +3 plate armour of Incorporation {rC+} (Okawaru gifted it to you on level 3 of the Realm of Zot)
 77032 | Zot:3    | Got a twitching brass ring
 77034 | Zot:3    | Identified the ring "Fusim" {rF+ Str+5} (You found it on level 3 of the Realm of Zot)
 78866 | Zot:5    | Entered Level 5 of the Realm of Zot
 78866 | Zot:5    | Noticed an orb of fire
 79104 | Zot:5    | Noticed an ancient lich
 79319 | Zot:5    | Killed an ancient lich
 79795 | Zot:5    | Gained mutation: You expend magic power (3 MP) to strengthen your wands. [an orb of fire]
 79806 | Zot:5    | Killed an orb of fire
 80172 | Zot:5    | Received a gift from Okawaru
 80272 | Zot:5    | Got a steaming chain mail {god gift}
 80275 | Zot:5    | Identified the +7 chain mail "Ozeompas" {rPois Regen+ Int+3} (Okawaru gifted it to you on level 5 of the Realm of Zot)
 80524 | Zot:5    | Noticed an orb of fire
 80756 | Zot:5    | Reached skill level 27 in Dodging
 80763 | Zot:5    | Noticed an ancient lich
 80786 | Zot:5    | Killed an ancient lich
 81119 | Zot:5    | Gained mutation: You occasionally shout uncontrollably at your foes. [an orb of fire]
 81141 | Zot:5    | Killed an orb of fire
 81704 | Zot:5    | Noticed an orb of fire
 81707 | Zot:5    | Gained mutation: Scrolls take you a little longer to read. [an orb of fire]
 81710 | Zot:5    | Gained mutation: You are weak. (Str -2) [an orb of fire]
 81725 | Zot:5    | Gained mutation: You are dopey. (Int -2) [an orb of fire]
 81729 | Zot:5    | Gained mutation: Armour fits poorly on your strangely shaped body. [an orb of fire]
 81731 | Zot:5    | Killed an orb of fire
 81735 | Zot:5    | Received a gift from Okawaru
 81794 | Zot:5    | Got a faintly humming robe
 81799 | Zot:5    | Identified the +2 robe of Dice, Bag, and Bottle {rPois rCorr SInv Stlth-} (You found it on level 5 of the Realm of Zot)
 81845 | Zot:5    | Got the Orb of Zot
 82032 | Zot:1    | Noticed Gohegamuust the pandemonium lord
 82600 | D:4      | Noticed Gourea the pandemonium lord
 82769 | D:$      | Escaped with the Orb!

Vault maps used:
D:1:      elethiomel_arrival_shortcut, kennysheep_decorative_pillar,
          chequers_big_river, minmay_misc_feat_pillars, minmay_pentomino_r4
D:2:      uniq_crazy_yiuf_cottage, uniq_robin
D:3:      gammafunk_temple_overflow_wave, old_standard_altar, first_ration
D:4:      grunt_dithmenos_smoke, temple_green, uniq_ijyb
D:5:      serial_co_window_serial, co_window_of_opportunity_a,
          co_window_paths_a, co_window_paths_a, co_window_of_opportunity_a,
          co_window_of_opportunity_a, co_window_paths_b, co_window_paths_a,
          co_window_corner_b, co_window_broadway_c, co_window_broadway_a,
          co_window_4corner_b, glass_columns_b, glass_columns_b
D:6:      xom_confusion_cloud, uniq_duvessa, uniq_sigmund
D:7:      basic_altar
D:8:      zin_treasury
D:9:      grunt_temple_overflow_champion_of_chaos, led_sif_book,
          dpeg_lair_monsters, grunt_pizzeria, minmay_orc_keep, uniq_erolcha,
          uniq_joseph
D:10:     uniq_gastronok, uniq_harold
D:11:     serial_shops, shop, minmay_curled_crystal
D:12:     hiddenorc1_lemuel, dk_noncrumbling_3, minmay_misc_feat_tiny,
          nicolae_gozag_cash_rules_everything_around_me
D:13:     erik_vaults_2, nicolae_ru_awakened_eye, uniq_maurice
D:14:     roderic_lattice_octagonal_star, minmay_lindwurm_lava, uniq_sonja,
          uniq_kirke, uniq_josephine
D:15:     gammafunk_depths_entry_grave, lemuel_tele_altar
Lair:1:   minmay_lair_oklob_chamber, grunt_megastairs_4, serial_bayou_shore_b
Lair:2:   nicolae_spider_entry_non_spiders, basic_altar,
          grunt_forest_small_clearings, cheibrodos_lair_reptile_den
Lair:3:   beast_lair_carwin_large_3, portal_ice_cave_rime, hibernation_bobbens,
          lemuel_fruit_tree
Lair:4:   elwin_shoals_entry_stream, beast_lair_carwin_1
Lair:5:   slime_altar_1
Lair:6:   minmay_lair_end_enchanted_forest, serial_bayou_shore_b
Shoals:1: nicolae_shoals_circle_sea_wall, nicolae_shoals_square_sea_wall,
          lightli_airlock
Shoals:4: shoals_end_grunt_garden, shoal_ilsuiw, serial_shops, shop,
          uniq_jorgrun, uniq_roxanne
Spider:4: spider_rune_water
Orc:1:    serial_shops, nicolae_shop_overgrown_old_shop
Orc:2:    st_orc_elflike, basic_altar, minmay_orc_temple_b
Elf:1:    eino_elf_arrival_sip, mu_enter_wizlab_2, minmay_elf_sorcery,
          minmay_misc_feat_ornament
Elf:2:    basic_altar, enter_trove_1, spider_trap, st_stairs_13,
          nicolae_elf_glass_and_crystal_pillar_1, minmay_elf_demonology,
          basic_stair_grate_trap
Elf:3:    grunt_elf_hall_branching, minmay_misc_feat_alley, st_stairs_7
Vaults:1: dpeg_vaults_monster_row, hangedman_vaults_snaps, vaults_room_pool,
          vaults_room_hallway, vaults_room_pool, hangedman_vaults_restitches,
          nicolae_vaults_network_s, nicolae_vaults_yaktaur_gun_rack,
          uniq_saint_roka, uniq_nikola
Vaults:2: minmay_crypt_entry_nasty_monster, serial_ice_h,
          nicolae_vaults_branching_niches, v_rooms_5, v_misc_2,
          nicolae_vaults_stairing_the_circle, v_alt_pattern_5, v_pattern_5,
          hangedman_vaults_trim, nicolae_vaults_diagonal_hallway_8,
          ontoclasm_vaults_loading_screen, vaults_dpeg_diagonal, uniq_margery
Vaults:3: nicolae_vaults_c_with_doors, v_misc_13, vaults_mumra_lcd, v_misc_16,
          hangedman_vaults_stream, nicolae_vaults_big_angled_halls,
          grunt_vaults_twisty, v_misc_10, ontoclasm_vaults_bender,
          hangedman_vaults_slither, nicolae_vaults_little_squares_1, v_misc_11,
          vaults_room_corners, vaults_room_pools, serial_shops, shop,
          nicolae_shop_window_shopping, shop, nicolae_shop_window_shopping,
          uniq_mennas
Vaults:4: hangedman_vaults_cutoff, minmay_guarded_unrand_secular_launcher,
          nicolae_vaults_big_ls, vaults_mumra_hexcomb, vaults_standard_mumra_x,
          v_misc_9, v_misc_13, v_alt_pattern_3, vaults_mumra_hex,
          nicolae_vaults_back_hallway, nicolae_vaults_circle_grid_b
Depths:1: lightli_too_deep, kennysheep_doodads, minmay_misc_feat_columns,
          nicolae_elemental_shop
Depths:2: kennysheep_blocky_hall, hell_entry, abyss_entry,
          infiniplex_staircase_diamond, serial_bayou_shore_b,
          serial_bayou_shore_a
Depths:3: evilmike_inaccessible_box, rand_demon_pan_entry_5, nrook_mini_vaults,
          hangedman_tar_grid_catacomb, infiniplex_staircase_spiral,
          minmay_shop_grove, uniq_xtahua
Depths:4: minmay_the_grid_four_pointed_star_mashed, enter_ziggurat_c,
          minmay_misc_feat_rows, abyss_entry_crystal, hell_entry,
          minmay_staircase_statues_hall_small
Depths:5: grunt_runaround, hell_entry, pan_entry
Zot:1:    lemuel_halls_of_wrath, hangedman_zot_decor_unnerving_road
Zot:2:    grunt_ministairs_12
Zot:5:    st_stairs_11
Trove:    trove_armour_six_rooms
IceCv:    ice_cave_statue_garden_teleport
WizLab:   wizlab_lehudib

Skill      XL: |  1  2  3  4  5  6  7  8  9 10 11 12 13 14 15 16 17 18 19 20 21 22 23 24 25 26 27 |
---------------+----------------------------------------------------------------------------------+-----
Dodging        | 3 4 5 6 7 8 9 11 12 14 15 17 18 19 20 21 22 23 27 | 27.0
Polearms       | 4 5 6 7 8 9 10 12 13 14 | 14.0
Fighting       | 3 4 5 6 7 8 10 11 14 16 17 18 19 20 21 22 23 24 25 27 | 27.0
Spellcasting   | 3 4 5 6 7 8 9 10 11 12 13 14 15 17 | 17.5
Charms         | 4 5 6 7 8 9 10 | 10.8
Necromancy     | 1 3 4 5 6 |  6.0
Translocations | 1 3 4 5 6 7 |  7.0
Invocations    | 2 3 5 6 7 8 |  8.0
Ice Magic      | 2 3 4 6 |  6.0
Shields        | 1 3 5 7 8 9 11 12 13 14 19 | 19.3
Hexes          | 1 2 |  2.0
Armour         | 3 5 6 7 8 9 14 | 14.2
Stealth        | 4 6 7 9 |  9.1
Evocations     | 3 |  3.0
Transmutations | 5 6 7 8 10 | 10.0
Earth Magic    | 3 4 |  4.0
Air Magic      | 1 3 |  3.0

Action                   |  1- 3 |  4- 6 |  7- 9 | 10-12 | 13-15 | 16-18 | 19-21 | 22-24 | 25-27 || total
-------------------------+-------+-------+-------+-------+-------+-------+-------+-------+-------++-------
Melee: Spear             |   105 |   246 |   472 |       |       |       |       |       |       ||   823
       Trident           |       |       |   172 |   164 |       |       |       |       |       ||   336
       Demon trident     |       |       |       |   438 |  1727 |  2068 |  1121 |  1783 |  3494 || 10631
       Tailslap          |       |       |       |       |       |    41 |     4 |     6 |     1 ||    52
       Trishula          |       |       |       |       |       |       |       |   218 |   119 ||   337
Throw: Tomahawk          |       |       |       |     2 |       |       |       |       |       ||     2
       Throwing net      |       |       |       |     1 |       |       |       |       |       ||     1
 Cast: Infusion          |     3 |     7 |    14 |    24 |    22 |     5 |     6 |     9 |    18 ||   108
       Shroud of Golubri |       |     1 |     4 |     4 |       |       |       |       |       ||     9
       Song of Slaying   |       |       |     5 |    11 |    38 |    36 |    28 |    31 |    40 ||   189
       Spectral Weapon   |       |       |     1 |     5 |     1 |     2 |     2 |     2 |     1 ||    14
       Ozocubu's Armour  |       |       |       |    20 |    35 |    22 |       |       |       ||    77
       Regeneration      |       |       |       |     4 |     6 |    23 |    11 |     9 |    25 ||    78
       Blink             |       |       |       |       |       |       |       |       |     2 ||     2
Invok: Heroism           |       |       |     4 |    10 |     3 |     1 |       |       |       ||    18
       Finesse           |       |       |       |       |     1 |     7 |     4 |     4 |    13 ||    29
Evoke: Wand              |       |       |     2 |     5 |     4 |       |       |     2 |    21 ||    34
  Use: Scroll            |       |     8 |     8 |    23 |    14 |    20 |     4 |    19 |    20 ||   116
       Potion            |       |       |       |     3 |     2 |     2 |     4 |     1 |     8 ||    20
 Stab: Sleeping          |     2 |     1 |     1 |     2 |    16 |    15 |     8 |    17 |    18 ||    80
       Distracted        |       |       |       |     1 |     3 |     7 |     2 |    11 |    20 ||    44
       Held in net/web   |       |       |       |       |       |       |       |       |     2 ||     2
  Eat: Chunk             |     1 |     7 |    20 |    44 |    28 |    33 |    25 |    28 |    40 ||   226
       Ration            |       |       |       |     2 |     1 |     3 |       |     4 |    11 ||    21
Armor: Leather armour    |    18 |    53 |    32 |    68 |   127 |       |       |       |       ||   298
       Robe              |       |       |    59 |    22 |       |       |       |       |       ||    81
       Chain mail        |       |       |     8 |       |       |       |       |       |       ||     8
       Troll leather arm |       |       |       |       |   145 |   309 |       |       |       ||   454
       Ring mail         |       |       |       |       |       |    62 |   119 |   161 |   319 ||   661
Dodge: Dodged            |    52 |    97 |   373 |   377 |   924 |  1569 |   420 |   558 |  1660 ||  6030
Block: Buckler           |     4 |    21 |    88 |    99 |   292 |   391 |    12 |       |       ||   907
       Reflection        |       |       |       |       |       |    23 |    52 |   123 |    99 ||   297
       Shield            |       |       |       |       |       |       |   397 |    72 |       ||   469
       Large shield      |       |       |       |       |       |       |       |   988 |  2557 ||  3545

Table legend:
 A = Spawn XP
 B = Non-spawn XP
 C = Spawn XP percentage of total XP
 D = Spawn monster count
 E = Non-spawn monster count
 F = Spawn count percentage of total count
 G = Total turns spent on level
                    A         B        C        D         E        F      G
               +---------+---------+-------+---------+---------+-------+---------
         Total |       0 | 1761583 |   0.0 |       0 |    2483 |   0.0 | 82769
               +---------+---------+-------+---------+---------+-------+---------
           D:1 |       0 |      39 |   0.0 |       0 |      19 |   0.0 |  1098
           D:2 |       0 |     110 |   0.0 |       0 |      25 |   0.0 |  1517
           D:3 |       0 |     383 |   0.0 |       0 |      29 |   0.0 |  1004
           D:4 |       0 |     512 |   0.0 |       0 |      23 |   0.0 |  1079
           D:5 |       0 |     156 |   0.0 |       0 |      11 |   0.0 |  1185
           D:6 |       0 |    1082 |   0.0 |       0 |      24 |   0.0 |  1629
           D:7 |       0 |    1184 |   0.0 |       0 |      29 |   0.0 |  1472
           D:8 |       0 |    3266 |   0.0 |       0 |      33 |   0.0 |  1851
           D:9 |       0 |    7422 |   0.0 |       0 |      38 |   0.0 |  2300
          D:10 |       0 |    5576 |   0.0 |       0 |      43 |   0.0 |  1223
          D:11 |       0 |    4429 |   0.0 |       0 |      30 |   0.0 |   678
          D:12 |       0 |    3766 |   0.0 |       0 |      39 |   0.0 |  1243
          D:13 |       0 |   21019 |   0.0 |       0 |      56 |   0.0 |  1243
          D:14 |       0 |   12177 |   0.0 |       0 |      42 |   0.0 |  1072
          D:15 |       0 |   12094 |   0.0 |       0 |      44 |   0.0 |  1431
        Lair:1 |       0 |    4724 |   0.0 |       0 |      14 |   0.0 |  1359
        Lair:2 |       0 |    2752 |   0.0 |       0 |      18 |   0.0 |  1045
        Lair:3 |       0 |    6329 |   0.0 |       0 |      28 |   0.0 |  1385
        Lair:4 |       0 |    7107 |   0.0 |       0 |      21 |   0.0 |  1176
        Lair:5 |       0 |    7621 |   0.0 |       0 |      23 |   0.0 |  2011
        Lair:6 |       0 |   22472 |   0.0 |       0 |      87 |   0.0 |  1799
      Shoals:1 |       0 |   12963 |   0.0 |       0 |      26 |   0.0 |  1340
      Shoals:2 |       0 |   15494 |   0.0 |       0 |      36 |   0.0 |  1009
      Shoals:3 |       0 |   14211 |   0.0 |       0 |      25 |   0.0 |  1196
      Shoals:4 |       0 |   54254 |   0.0 |       0 |      95 |   0.0 |  2533
      Spider:1 |       0 |    7596 |   0.0 |       0 |      23 |   0.0 |  1057
      Spider:2 |       0 |   21985 |   0.0 |       0 |      62 |   0.0 |  1627
      Spider:3 |       0 |   18665 |   0.0 |       0 |      47 |   0.0 |  1029
      Spider:4 |       0 |   35267 |   0.0 |       0 |      81 |   0.0 |  2237
         Orc:1 |       0 |    4711 |   0.0 |       0 |      40 |   0.0 |   635
         Orc:2 |       0 |   11343 |   0.0 |       0 |      65 |   0.0 |  1394
         Elf:1 |       0 |   29842 |   0.0 |       0 |      49 |   0.0 |  1347
         Elf:2 |       0 |   41985 |   0.0 |       0 |      57 |   0.0 |  1519
         Elf:3 |       0 |   50963 |   0.0 |       0 |      47 |   0.0 |  1383
      Vaults:1 |       0 |   51936 |   0.0 |       0 |      75 |   0.0 |  2337
      Vaults:2 |       0 |   84321 |   0.0 |       0 |     108 |   0.0 |  3184
      Vaults:3 |       0 |   67095 |   0.0 |       0 |      98 |   0.0 |  2164
      Vaults:4 |       0 |  162478 |   0.0 |       0 |     174 |   0.0 |  3845
      Vaults:5 |       0 |   99739 |   0.0 |       0 |      78 |   0.0 |  1852
      Depths:1 |       0 |   44529 |   0.0 |       0 |      55 |   0.0 |  1207
      Depths:2 |       0 |   37920 |   0.0 |       0 |      53 |   0.0 |  1657
      Depths:3 |       0 |  122456 |   0.0 |       0 |     100 |   0.0 |  2129
      Depths:4 |       0 |   33198 |   0.0 |       0 |      29 |   0.0 |  1205
      Depths:5 |       0 |  109239 |   0.0 |       0 |      83 |   0.0 |  2714
         Zot:1 |       0 |   97870 |   0.0 |       0 |      81 |   0.0 |  2484
         Zot:2 |       0 |   82779 |   0.0 |       0 |      43 |   0.0 |  2582
         Zot:3 |       0 |   51254 |   0.0 |       0 |      32 |   0.0 |  1433
         Zot:4 |       0 |   20850 |   0.0 |       0 |      15 |   0.0 |  1317
         Zot:5 |       0 |  185586 |   0.0 |       0 |      64 |   0.0 |  2625
         IceCv |       0 |    1332 |   0.0 |       0 |       7 |   0.0 |   235
        WizLab |       0 |   65502 |   0.0 |       0 |      59 |   0.0 |  2483
               +---------+---------+-------+---------+---------+-------+---------
